AoeStats
← jakobtoxvig

Lombardia

508950518Analyzed
2v2 RM · 8d ago on Sep 24, 2026· 22m 13s· 4 players
Game mode
Random Map
Map size
Medium (4 player)
Population
200
Speed
Normal
Resources
Standard
Victory
Conquest
Starting age
Dark Age
Ending age
Imperial Age
RankedLock teamsTeams togetherTeam positionsShared explorationLock speedFull tech treeHidden civsTurbo modeCheats
Victory
Defeat
🇩🇰 Saxons · Denmark
1298
+16
🇩🇰 Varangians · Denmark
1298
+16
🇩🇪 Franks · Germany
1306
-16
🇵🇹 Lithuanians · Portugal
1287
-16
asas
8:32 Feudal Age
7:39 Loom
12:22 Double-Bit Axe
20:28 Castle Age
18:53 Horse Collar
19:35 Forging
19:31 Scale Barding Armor
22:01 Bow Saw
FunMeh
10:52 Feudal Age
14:54 Castle Age
13:17 Double-Bit Axe
14:43 Gold Mining
15:26 Forging
19:16 Loom
19:17 Town Watch
jakobtoxvig
3:20 Loom
10:38 Feudal Age
14:44 Double-Bit Axe
14:41 Horse Collar
16:52 Bloodlines
22:58 Castle Age
21:22 Scale Barding Armor
22:36 Gold Mining
xkasperxx
9:54 Feudal Age
8:10 Loom
13:54 Castle Age
12:33 Double-Bit Axe
14:03 Wheelbarrow
17:48 Horse Collar
20:11 Bow Saw
21:11 Heavy Plow
Connection lost

Rejoining the realm…

Still unreachable

The connection could not be restored.

Session expired

The server has moved on; the page needs a fresh start.